 Dungeon Crawl Stone Soup version 0.11.3 (console) character file.

132 Lightli the Cudgeler (level 4, -2/41 HPs)
             Began as an Ogre Stalker on June 22, 2022.
             Killed from afar by Sigmund (11 damage)
             ... with a puff of flame
             ... on Level 2 of the Dungeon.
             The game lasted 00:02:27 (1267 turns).

Lightli the Cudgeler (Ogre Stalker)                 Turns: 1267, Time: 00:02:27

HP  -2/41        AC  4     Str 16      XL: 4   Next: 22%
MP   5/5         EV 10     Int 11      God:
Gold 68          SH  0     Dex 11      Spells:  1 memorised,  4 levels left

Res.Fire  : . . .   See Invis. : .   a - +2 club {=f}
Res.Cold  : . . .   Warding    : .   p - +0 robe {MR}
Life Prot.: . . .   Conserve   : .   (shield restricted)
Res.Poison: .       Res.Corr.  : .   (helmet restricted)
Res.Elec. : .       Clarity    : .   c - +0 cloak
Sust.Abil.: . .     Spirit.Shd : .   (gloves unavailable)
Res.Mut.  : .       Stasis     : .   (boots unavailable)
Res.Rott. : .       Ctrl.Telep.: .   (no amulet)
Saprovore : + . .   Levitation : .   (no ring) Ctrl.Flight: .
                                     (no ring)

@: hasted, very quick, somewhat resistant to hostile enchantments, unstealthy
A: unfitting armour, fast metabolism 1, saprovore 1, tough skin 1
a: no special abilities


You were on level 2 of the Dungeon.
You were not hungry.

You visited 1 branch of the dungeon, and saw 2 of its levels.

You collected 48 gold pieces.

Inventory:

Hand weapons
 a - a +2,+2 club (weapon) {=f}
Armour
 c - a +0 cloak (worn)
 p - a +0 robe of magic resistance (worn)
Comestibles
 b - a rotting chunk of hobgoblin flesh
 f - 3 meat rations
 r - a bread ration
 s - a cheese
Scrolls
 g - a scroll of teleportation {unknown}
 h - a scroll of enchant armour {unknown}
 j - 3 scrolls of identify {unknown}
 k - a scroll of remove curse {unknown}
 q - a scroll of random uselessness {unknown}
Jewellery
 l - an uncursed ring of regeneration
Potions
 e - 2 potions of confusion
 m - a potion of curing {unknown}
 n - a potion of slowing {unknown}
 o - a potion of heal wounds {unknown}
Books
 d - a book of Stalking

   Spells                             Type                      Level
   *Fulsome Distillation              Transmutation/Necromancy     1
   Evaporate                          Fire/Transmutation           2
   Passwall                           Transmutation/Earth          3
   Petrify                            Transmutation/Earth          4
   Dig                                Transmutation/Earth          4


   Skills:
 - Level 1.3 Fighting
 + Level 5.1 Maces & Flails
 - Level 1.7 Dodging
 - Level 1.5 Stealth
 - Level 1.5 Stabbing
 - Level 1.2 Spellcasting
 - Level 1.3 Transmutations


You had 4 spell levels left.
You knew the following spells:

 Your Spells              Type           Power        Failure   Level  Hunger
a - Fulsome Distillation  Trmt/Necr      N/A          24%         1    ##.....


Dungeon Overview and Level Annotations

Branches:
Dungeon (2/27)

Altars:

Annotations
D:2 Sigmund


Innate Abilities, Weirdness & Mutations

You are too large for most types of armour.
You have a fast metabolism.
You can tolerate rotten meat.
You have tough skin (AC +1).


Message History

Read which item? (? for menu, Esc to quit)
Okay, then.
You aren't carrying any items that can be evoked.
Unknown command.
Drink which item? (? for menu, Esc to quit)
Okay, then.
Casting: Fulsome Distillation
Confirm with . or Enter, or press ? or * to list all spells.
You don't know that spell.
Unknown command.
Read which item? (? for menu, Esc to quit)
Okay, then.
Sigmund mumbles some strange words.
Sigmund flickers and vanishes!
Deactivating autopickup; reactivate with Ctrl-A.
Drink which item? (? for menu, Esc to quit)
You feel yourself speed up.
It was a potion of speed.
You hear some strange, mumbled words.
The puff of flame hits you!
You die...

.+....#...+
+.....+... ..#.#..##
.##.#.#...#
#.....#.###..##.#.##
.#.... ...#
#............ #.#%#
... ..
...###.......#...
#.#.## ......
...#....###..# #.
#..## #.#
...#.##......#....
#...# . ...
#........... #...%
..#.##...).......
#...%
+.....@........
#####
#.##.....#..##. #
#.....+ ... #.#....#
## ...#....+
#...#.[..# ##.
#.?... ##+#.#. ...


There were no monsters in sight!

Vanquished Creatures
  Jessica (D:2)
  An ooze (D:1)
  A giant cockroach (D:2)
  5 hobgoblins
  3 kobolds
  A bat (D:2)
  4 giant newts
  5 goblins
  35 rats
56 creatures vanquished.

Vanquished Creatures (others)
  A rat (D:2)
1 creature vanquished.

Grand Total: 57 creatures vanquished

Notes
Turn   | Place    | Note
--------------------------------------------------------------
     0 | D:1      | Lightli, the Ogre Stalker, began the quest for the Orb.
     0 | D:1      | Reached XP level 1. HP: 19/19 MP: 1/1
    91 | D:1      | Reached skill level 2 in Maces & Flails
   226 | D:1      | Reached XP level 2. HP: 25/27 MP: 2/2
   363 | D:1      | Reached skill level 3 in Maces & Flails
   806 | D:2      | Noticed Jessica
   816 | D:2      | Killed Jessica
   816 | D:2      | Reached skill level 4 in Maces & Flails
   816 | D:2      | Reached XP level 3. HP: 26/33 MP: 3/3
  1111 | D:2      | Reached XP level 4. HP: 27/41 MP: 5/5
  1139 | D:2      | Reached skill level 5 in Maces & Flails
  1259 | D:2      | Noticed Sigmund
  1267 | D:2      | Killed from afar by Sigmund
